 Dungeon Crawl Stone Soup version 0.20.1-1-g8b1a95d (webtiles) character file.

183 vineage the Shield-Bearer (level 5, -11/33 HPs)
             Began as a Gargoyle Fighter on Sept 2, 2017.
             Mangled by an ogre
             ... wielding a +0 giant spiked club
              (22 damage)
             ... on level 4 of the Dungeon.
             The game lasted 00:03:02 (2031 turns).

vineage the Shield-Bearer (Gargoyle Fighter)        Turns: 2031, Time: 00:03:02

Health: -11/33     AC: 11    Str: 25    XL:     5   Next: 62%
Magic:  5/5        EV:  8    Int: 10    God:
Gold:   276        SH: 10    Dex:  8    Spells: 4/4 levels left

rFire    . . .     SeeInvis .   a - +0 flail
rCold    . . .     Gourm    +   c - +0 shield
rNeg     + . .     Faith    .   b - +0 scale mail
rPois    ∞         Spirit   .   (no helmet)
rElec    +         Reflect  .   (no cloak)
rCorr    .         Harm     .   (no gloves)
MR       .....                  (no boots)
Stlth    ..........             p - amulet of the gourmand
Regen    0.2/turn               t - ring of wizardry
MPRegen  0.1/turn               (no ring)

@: mighty
A: hooves 1, clever 1, clumsy 1, negative energy resistance 1, electricity
resistance, unbreathing, petrification resistance, rot immunity, AC +4
a: no special abilities


You were on level 4 of the Dungeon.
You were not hungry.

You visited 1 branch of the dungeon, and saw 4 of its levels.

You collected 276 gold pieces.

Inventory:

Hand Weapons
 a - a +0 flail (weapon)
Armour
 b - a +0 scale mail (worn)
 c - a +0 shield (worn)
Jewellery
 p - an amulet of the gourmand (around neck)
 t - a ring of wizardry (left hand)
Scrolls
 e - a scroll of magic mapping {unknown}
 h - 3 scrolls of teleportation {unknown}
 l - a scroll of enchant armour {unknown}
 m - a scroll of remove curse {unknown}
 n - a scroll of immolation {unknown}
 o - a scroll of random uselessness {unknown}
 s - 2 scrolls of enchant weapon {unknown}
 u - a scroll of recharging {unknown}
 v - 2 scrolls of fog {unknown}
Potions
 d - a potion of might
 j - a potion of cancellation
 k - a potion of curing
 r - a potion of agility
 w - a potion of lignification {unknown}
 x - a potion of magic {unknown}
Books
 q - a book of Cantrips

   Spells                             Type                      Level
   a - Confusing Touch                Hexes                        1
   b - Animate Skeleton               Necromancy                   1
   c - Summon Small Mammal            Summoning                    1
   d - Apportation                    Translocation                1
Comestibles
 f - 4 bread rations


   Skills:
 + Level 3.7 Fighting
 + Level 3.5 Maces & Flails
 + Level 4.0 Armour
 + Level 1.0 Dodging
 + Level 4.7 Shields


You had 4 spell levels left.
You didn't know any spells.

Dungeon Overview and Level Annotations

Branches:
Dungeon (4/15)
 Temple: D:4-7

Altars:
Cheibriados
Dithmenos


Innate Abilities, Weirdness & Mutations

You are resistant to torment.
Your stone body is resilient. (AC +4)
You are immune to poison.
You resist negative energy. (rN+)
You are resistant to electric shocks. (rElec)
You can survive without breathing.
You are immune to petrification.
You are immune to rotting.
You have large cloven feet.
Your mind is acute. (Int +2)
You are clumsy. (Dex -2)


Message History

The ogre barely misses you. The orc hits you but does no damage.
You hit the ogre. You kick the ogre.
The ogre is heavily wounded.
The ogre hits you with a giant spiked club!!
Ouch! That really hurt!
* * * LOW HITPOINT WARNING * * *
You block the orc's attack.
You are too injured to fight recklessly!
You are too injured to fight recklessly!
You are too injured to fight recklessly!
You are too injured to fight recklessly!
You are too injured to fight recklessly!
You feel better.
The ogre hits you with a giant spiked club.
The orc hits you but does no damage.
You feel very mighty all of a sudden. The orc hits you but does no damage.
The ogre hits you with a giant spiked club!!
Ouch! That really hurt!
You die...

#.###.### #.# .. #.#
#...##..# #.###>#
###....# #.##..#
#..#######
#.#..######...#.....
#.#.## #....#...#
###.#.# #..###...##
.##)..# #.#......#
.##..## #...####@#
.<#..###### #Oo.?#
#..........
...#..>..
##..####### ###..
.... #..# ##. .#.
##..## .# #
##...#####. #
...........
...........


You could see an ogre and an orc.

Vanquished Creatures
  The ghost of Frank the Cutter, an amateur OpMo (D:3)
  3 adders
  An ooze (D:1)
  2 worms
  A leopard gecko (D:2)
  5 orcs
  7 bats
  A giant cockroach (D:2)
  6 goblins
  5 hobgoblins
  5 jackals (D:1)
  12 kobolds
  A quokka (D:2)
  2 ball pythons (D:3)
  2 frilled lizards
  A jackal skeleton (D:4)
  8 rats
63 creatures vanquished.

Notes
Turn   | Place    | Note
-------+----------+-------------------------------------------
     0 | D:1      | vineage the Gargoyle Fighter began the quest for the Orb.
     0 | D:1      | Reached XP level 1. HP: 14/14 MP: 1/1
   107 | D:1      | Reached XP level 2. HP: 19/19 MP: 2/2
   276 | D:1      | Reached XP level 3. HP: 23/23 MP: 3/3
   760 | D:2      | Found a snail-covered altar of Cheibriados.
   955 | D:2      | Found a shadowy altar of Dithmenos.
  1285 | D:2      | Reached XP level 4. HP: 24/28 MP: 4/4
  1670 | D:3      | Noticed Frank's ghost (amateur OpMo)
  1688 | D:3      | Killed Frank's ghost
  1688 | D:3      | Reached XP level 5. HP: 28/33 MP: 5/5
  1872 | D:3      | Reached skill level 1 in Dodging
  1953 | D:3      | Gained mutation: You are clumsy. (Dex -2) [potion of mutation]
  1953 | D:3      | Gained mutation: Your mind is acute. (Int +2) [potion of mutation]
  1953 | D:3      | Gained mutation: You have large cloven feet. [potion of mutation]
  2022 | D:4      | Noticed an ogre
  2031 | D:4      | Mangled by an ogre

Skill      XL: |  1  2  3  4  5 |
---------------+----------------+-----
Shields        | 4 |  4.7
Maces & Flails | 3 |  3.5
Armour         | 4 |  4.0
Dodging        | 1 |  1.0
Fighting       | |  3.7

Action                   |  1- 3 |  4- 6 || total
-------------------------+-------+-------++-------
Melee: Flail             |   171 |    98 ||   269
       Kick              |       |     4 ||     4
  Use: Scroll            |       |     4 ||     4
       Potion            |       |     3 ||     3
  Eat: Chunk             |     1 |     3 ||     4
Armor: Scale mail        |    80 |    60 ||   140
Dodge: Dodged            |    61 |    33 ||    94
Block: Shield            |    97 |    75 ||   172
